 Dungeon Sprint DCSS version 0.19-a0-1827-g174f941 (webtiles) character file.

0 Theye the Digger (level 1, 15/15 HPs)
             Began as a Deep Dwarf Earth Elementalist on Oct 7, 2016.
             Quit the game in the Dungeon (Sprint VI: "Thunderdome").
             The game lasted 00:00:41 (39 turns).

Theye the Digger (Deep Dwarf Earth Elementalist)      Turns: 39, Time: 00:00:42

Health: 15/15      AC:  2    Str: 11    XL:     1   Next: 16%
Magic:  3/3        EV: 12    Int: 15    God:
Gold:   200        SH:  0    Dex: 13    Spells: 1 memorised, 2 levels left

rFire  . . .     SeeInvis .     (no weapon)
rCold  . . .     Gourm    .     c - +0 robe
rNeg   . . .     Faith    .     (no shield)
rPois  .         Spirit   .     (no helmet)
rElec  .         Dismiss  .     (no cloak)
rCorr  .         Reflect  .     (no gloves)
MR     .....     Harm     .     (no boots)
Stlth  ++........ NoTele   +    (no amulet)
                                (no ring)
                                (no ring)

@: non-regenerating
A: damage resistance, recharge devices, sense surroundings 1, slow regeneration
3
a: Device Recharging


You were in the Dungeon.
You were not hungry.

You visited 1 branch You collected 200 gold pieces.

Inventory:

Missiles
 b - 20 stones (quivered)
Armour
 c - a +0 robe (worn)
Wands
 d - a wand of heal wounds (5/9)
 m - a wand of acid (5/15)
 n - a wand of iceblast (5/15)
Scrolls
 k - 4 scrolls of blinking
 o - 3 scrolls of fog
Potions
 a - a potion of resistance
 e - a potion of curing
 g - 4 potions of heal wounds
 h - 4 potions of haste
 i - 2 potions of magic
 j - a potion of berserk rage
Books
 l - a book of Geomancy

   Spells                             Type                      Level
   a - Sandblast                      Earth                        1
   b - Passwall                       Transmutation/Earth          2
   c - Stone Arrow                    Conjuration/Earth            3
   d - Petrify                        Transmutation/Earth          4
   e - Lee's Rapid Deconstruction     Earth                        5
Comestibles
 f - a bread ration


   Skills:
 + Level 2.2 Dodging
 + Level 2.5 Stealth
 - Level 0.3 Unarmed Combat
 * Level 1.8 Spellcasting
   Level 0.8 Transmutations
 * Level 4.6 Earth Magic


You had 2 spell levels left.
You knew the following spells:

 Your Spells              Type           Power        Failure   Level  Hunger
a - Sandblast             Erth           ###...       3%          1    ##.....


Dungeon Overview and Level Annotations

Branches:
Dungeon (1/1)

Altars:
Cheibriados
Dithmenos
Fedhas
Kikubaaqudgha
Ru
Sif Muna
Trog
Uskayaw
Yredelemnul
The Shining One
Beogh
Jiyva

Shops:
D ??:(!!!!


Innate Abilities, Weirdness & Mutations

You are resistant to damage.
You can recharge devices by infusing magical energy.
You passively map a small area around you.
You do not regenerate.


Message History

You hit the giant cockroach.
The giant cockroach is heavily wounded.
The giant cockroach waves its antennae.
The giant cockroach bites you.
You hit the giant cockroach but do no damage.
The giant cockroach is heavily wounded.
The giant cockroach bites you but does no damage.
You hit the giant cockroach.
You kill the giant cockroach!
No target in view!
No target in view!
Found Taly's Distillery and Omejek's Bottled Wisdom.
You see here a giant cockroach corpse.
A ball python comes into view.
The ball python moves out of view.
Found an ancient bone altar of Kikubaaqudgha.
Found a basalt altar of Yredelemnul.
Welcome back, Theye the Deep Dwarf Earth Elementalist.
Press ? for a list of commands and other information.
Are you sure you want to abandon this character and quit the game? (Confirm with "yes".)

#.8.........8.######
,_
......###......__.∩#*
...8. #.8.†......∩
.....###........... ,
.# #...###........
#.<.# #........ , ,
#...###........
,...###........... *
,...8.* #.8.@......∩
..... #......_._∩# **
#.8.........8.######
#⌠.. ........⌠#
###.,.......###
.......* ......_
......_ *


There were no monsters in sight!

Vanquished Creatures
  A giant cockroach (D)
1 creature vanquished.

Notes
Turn   | Place    | Note
-------+----------+-------------------------------------------
     0 | D        | Theye the Deep Dwarf Earth Elementalist began the quest for the Orb.
     0 | D        | Reached XP level 1. HP: 15/15 MP: 3/3
     4 | D        | Found a blossoming altar of Fedhas.
     4 | D        | Found a roughly hewn altar of Beogh.
     5 | D        | Found a glowing golden altar of the Shining One.
     5 | D        | Found a hide-covered altar of Uskayaw.
     5 | D        | Round 1.
     6 | D        | Found a deep blue altar of Sif Muna.
     6 | D        | Found a snail-covered altar of Cheibriados.
     7 | D        | Found a shadowy altar of Dithmenos.
     7 | D        | Found a viscous altar of Jiyva.
     7 | D        | Found Powni's Staff Store.
     7 | D        | Found Guysump's Magic Scroll Shop.
     8 | D        | Found Syettoco's Must-Have Magic.
     8 | D        | Found Zewik's Magic Scroll Shop.
    24 | D        | Found Hipp's Distillery.
    26 | D        | Found a bloodstained altar of Trog.
    26 | D        | Found a sacrificial altar of Ru.
    26 | D        | Found Ciwaivuja's Do-It-Yourself Clinic.
    32 | D        | Found Taly's Distillery.
    32 | D        | Found Omejek's Bottled Wisdom.
    37 | D        | Found an ancient bone altar of Kikubaaqudgha.
    38 | D        | Found a basalt altar of Yredelemnul.
    39 | D        | Quit the game

Vault maps used:
D:        arena_sprint

Action                   || total
-------------------------++-------
Melee: Unarmed           ||     5
Armor: Robe              ||     2
Dodge: Dodged            ||     2
